 Dungeon Crawl Stone Soup version 0.19-a0-1007-g133f65f (webtiles) character file.

2794 Implojin the Grappler (level 9, -12/84 HPs)
             Began as a Troll Fighter on July 20, 2016.
             Was a Priest of Okawaru.
             Mangled by an earth elemental (28 damage)
             ... summoned by a deep elf mage
             ... on level 11 of the Dungeon.
             The game lasted 00:10:39 (1509 turns).

Implojin the Grappler (Troll Fighter)               Turns: 1509, Time: 00:10:40

Health: -12/84     AC:  8    Str: 22    XL:     9   Next: 43%
Magic:  0/10       EV: 19    Int:  6    God:    Okawaru [***...]
Gold:   103        SH: 11    Dex: 17    Spells: 0 memorised, 8 levels left

rFire  + + .     SeeInvis .       - Unarmed
rCold  . . .     Gourm    +     x - +0 robe of the Pink Corner {rF++ rCorr Str-4 Int+2}
rNeg   . . .     Faith    .     b - +0 shield
rPois  .         Spirit   .     (helmet restricted)
rElec  .         Dismiss  .     n - +2 cloak
rCorr  +         Reflect  .     (gloves unavailable)
SustAt .         Harm     .     (boots unavailable)
MR     +....                    (no amulet)
Stlth  +++.......               (no ring)
                                e - ring of protection from magic

@: agile, heroism, somewhat resistant to hostile enchantments, fairly stealthy
A: unfitting armour, claws 3, fast metabolism 3, gourmand, regeneration 2,
shaggy fur 1, tough skin 2
a: Heroism, Renounce Religion


You were on level 11 of the Dungeon.
You worshipped Okawaru.
Okawaru was most pleased with you.
You were very full.

You visited 1 branch of the dungeon, and saw 11 of its levels.

You collected 103 gold pieces.

Inventory:

Hand Weapons
 l - a +0 mace of draining
 s - a +2 flail of crushing
 y - a +2 hand axe of venom
Missiles
 r - 3 curare-tipped needles
 B - 7 needles of frenzy
Armour
 a - a +0 robe
 b - a +0 shield (worn)
 n - a +2 cloak (worn)
 x - the +0 robe of the Pink Corner (worn) {rF++ rCorr Str-4 Int+2}
   (You found it on level 7 of the Dungeon)

   It affects your strength (-4).
   It affects your intelligence (+2).
   It greatly protects you from fire.
   It protects you from acid and corrosion.
Magical Staves
 u - an uncursed staff of earth {unknown}
Jewellery
 e - a ring of protection from magic (left claw)
Wands
 p - a wand of acid (3/15)
 C - a wand of random effects (22/48)
Scrolls
 f - a scroll of blinking
 g - a scroll of remove curse
 h - a scroll of teleportation {unknown}
 q - a scroll of noise {unknown}
 v - 2 scrolls of enchant armour
 A - a scroll of amnesia {unknown}
 D - a scroll of random uselessness {unknown}
Potions
 i - 2 potions of mutation
 j - a potion of agility
 k - 3 potions of brilliance
 m - a potion of degeneration
 o - a potion of heal wounds {unknown}
 t - a potion of cancellation {unknown}
 w - a potion of cure mutation {unknown}
Comestibles
 c - a meat ration
 d - 2 bread rations
 z - 5 chunks of flesh


   Skills:
 * Level 3.7(8.7) Fighting
 - Level 2.4(7.4) Dodging
 - Level 2.4(7.4) Shields
 - Level 12.0(17.0) Unarmed Combat
 - Level 3.0 Invocations


You had 8 spell levels left.
You didn't know any spells.

Dungeon Overview and Level Annotations

Branches:
Dungeon (11/15)
 Temple: D:4-7         Lair: D:8-11         Orc: D:9-12

Altars:
Gozag
Nemelex Xobeh
Okawaru
Pakellas
Sif Muna


Innate Abilities, Weirdness & Mutations

You are too large for most types of armour.
You have claws for hands.
Your metabolism is lightning-fast.
You like to eat raw meat.
You heal very quickly.
You are covered in fur. (AC +1)
You have very tough skin. (AC +2)


Message History

You claw the fire dragon!
The fire dragon is heavily wounded.
The fire dragon bites you!
* * * LOW HITPOINT WARNING * * *
The fire dragon barely misses you. You block the fire dragon's attack.
Unknown command.
You scratch the fire dragon.
The fire dragon is severely wounded.
The fire dragon bites you!
* * * LOW HITPOINT WARNING * * *
The fire dragon completely misses you. You block the fire dragon's attack.
Unknown command.
You barely miss the fire dragon.
The fire dragon is severely wounded.
You block the earth elemental's attack.
The earth elemental hits you but does no damage.
You claw the fire dragon!
The fire dragon is severely wounded.
You block the fire dragon's attack.
The fire dragon claws you but does no damage.
The fire dragon completely misses you.
You claw the fire dragon!
The fire dragon is almost dead.
You block the earth elemental's attack. The earth elemental closely misses you.
The fire dragon barely misses you. The fire dragon closely misses you.
You block the fire dragon's attack.
You claw the fire dragon!
The fire dragon is almost dead.
You hear the faint crackling of a very distant melting archway.
You scratch the fire dragon but do no damage.
The fire dragon is almost dead.
The fire dragon breathes flames at you. The blast of flame hits you!
You resist.
* * * LOW HITPOINT WARNING * * *
The blast of flame hits the earth elemental.
The earth elemental completely resists.
The deep elf mage hits you with a long sword.
* * * LOW HITPOINT WARNING * * *
You block the earth elemental's attack. The earth elemental hits you!!
You die...

.......# #......#
#......# #......#
#......# . #......#
..#######......##########
...............e.DO.....#
........<.......@##.##...
...............EE# #
...l.##'####....## ....
#...$.#.....# ..
#.....#.....#
#.....#......
#.....#...#### #######...
....


You could see a fire dragon, 2 earth elementals, a deep elf mage and a
two-headed ogre.

Vanquished Creatures
  The ghost of Implojin the Ruffian, an amateur TrFi (D:6)
  3 yaks (D:10)
  Eustachio (D:5)
  A hippogriff (D:8)
  A mottled dragon (D:11)
  A black bear (D:7)
  An ice beast (D:5)
  A sky beast (D:5)
  An eye of draining (shapeshifter) (D:11)
  An orc warrior (D:10)
  A phantom (D:7)
  A necrophage (D:9)
  A centaur (D:9)
  2 giant frogs
  2 scorpions (D:6)
  4 killer bees (D:8)
  A howler monkey (D:6)
  2 crimson imps
  A hound (D:5)
  A quasit (D:6)
  Crazy Yiuf (D:4)
  2 giant frog skeletons
  2 iguanas
  3 centaur skeletons
  An orc wizard (D:6)
  5 worker ants
  A hound skeleton (D:9)
  5 adders
  2 adder skeletons
  A worm (D:4)
  2 dart slugs
  2 giant geckos
  9 orcs
  A bat (D:2)
  A giant cockroach (D:1)
  A goblin (D:1)
  4 jackals (D:1)
  A giant newt (D:4)
  A kobold (D:1)
  A rat (D:1)
74 creatures vanquished.

Notes
Turn   | Place    | Note
-------+----------+-------------------------------------------
     0 | D:1      | Implojin the Troll Fighter began the quest for the Orb.
     0 | D:1      | Reached XP level 1. HP: 22/22 MP: 0/0
    25 | D:1      | Reached XP level 2. HP: 23/29 MP: 1/1
   162 | D:2      | Reached skill level 3 in Unarmed Combat
   283 | D:5      | Entered Level 5 of the Dungeon
   283 | D:5      | Noticed Eustachio
   291 | D:5      | Reached XP level 3. HP: 26/36 MP: 2/2
   299 | D:4      | Reached skill level 4 in Unarmed Combat
   347 | D:4      | Found an opulent altar of Gozag.
   348 | D:4      | Found a sparkling altar of Nemelex Xobeh.
   349 | D:4      | Found an oddly glowing altar of Pakellas.
   390 | D:4      | Found a runed door.
   394 | D:4      | Noticed Crazy Yiuf
   401 | D:4      | Killed Crazy Yiuf
   401 | D:4      | Reached XP level 4. HP: 44/44 MP: 3/3
   489 | D:4      | Reached skill level 5 in Unarmed Combat
   499 | D:5      | Reached XP level 5. HP: 24/50 MP: 4/4
   523 | D:5      | Found a deep blue altar of Sif Muna.
   523 | D:5      | Found an iron altar of Okawaru.
   531 | D:5      | Became a worshipper of Warmaster Okawaru
   571 | D:5      | Noticed an ice beast
   588 | D:5      | Killed an ice beast
   588 | D:5      | Reached skill level 6 in Unarmed Combat
   596 | D:5      | Reached XP level 6. HP: 29/59 MP: 5/5
   679 | D:6      | Reached * piety under Okawaru
   711 | D:6      | Noticed Implojin's ghost (amateur TrFi)
   724 | D:6      | Reached skill level 7 in Unarmed Combat
   733 | D:6      | Killed Implojin's ghost
   733 | D:6      | Reached ** piety under Okawaru
   733 | D:6      | Reached skill level 8 in Unarmed Combat
   733 | D:6      | Reached XP level 7. HP: 35/66 MP: 3/6
   868 | D:7      | Reached skill level 9 in Unarmed Combat
   896 | D:5      | Killed Eustachio
   896 | D:5      | Reached XP level 8. HP: 62/74 MP: 4/7
   961 | D:7      | Got a warped robe
   967 | D:7      | Reached skill level 10 in Unarmed Combat
  1033 | D:7      | Identified the +0 robe of the Pink Corner {rF++ rCorr Str-4 Int+2} (You found it on level 7 of the Dungeon)
  1052 | D:8      | Reached *** piety under Okawaru
  1054 | D:8      | Reached skill level 11 in Unarmed Combat
  1251 | D:9      | Reached XP level 9. HP: 73/80 MP: 8/8
  1277 | D:10     | Entered Level 10 of the Dungeon
  1341 | D:10     | Reached skill level 12 in Unarmed Combat
  1344 | D:10     | Reached skill level 1 in Invocations
  1349 | D:10     | Received a gift from Okawaru
  1349 | D:10     | Reached skill level 2 in Invocations
  1427 | D:10     | Reached skill level 3 in Invocations
  1483 | D:11     | Reached skill level 3 in Fighting
  1487 | D:11     | Noticed a deep elf mage
  1488 | D:11     | Noticed a fire dragon
  1509 | D:11     | Mangled by an earth elemental

Vault maps used:
D:1:      lightli_arrival_chessboard, feat_on_display
D:2:      first_bread, kennysheep_generic_room_4, uniq_terence
D:3:      kennysheep_big_flooded_room, trog_eyes_of_draining,
          portal_sewer_entry_f
D:4:      grunt_temple_overflow_open, lemuel_flame_loot_1,
          uniq_crazy_yiuf_cottage
D:5:      amethyst_overflow_temple_binary, uniq_eustachio
D:7:      grunt_ogre_cave
D:8:      lemuel_coloured_pillars_altar, erik_lair_orcish_takeover,
          grunt_ministairs_15, kennysheep_generic_room_8, uniq_pikel
D:11:     minmay_tile_spiral, hiddenorc2_lemuel,
          portal_ice_cave_entry_ice_beasts, elyvilon_altar_4, uniq_grum

Skill      XL: |  1  2  3  4  5  6  7  8  9 |
---------------+----------------------------+-----
Unarmed Combat | 3 4 5 6 8 9 11 12 | 12.0
Invocations    | 3 |  3.0
Fighting       | 3 |  3.7
Dodging        | |  2.4
Shields        | |  2.4

Action                   |  1- 3 |  4- 6 |  7- 9 || total
-------------------------+-------+-------+-------++-------
Melee: Unarmed           |    53 |    56 |   138 ||   247
Invok: Heroism           |       |     1 |    12 ||    13
  Use: Potion            |     1 |       |     3 ||     4
       Scroll            |       |       |     7 ||     7
  Eat: Chunk             |     8 |     3 |     7 ||    18
Armor: Robe              |    28 |    10 |    29 ||    67
Dodge: Dodged            |    17 |    10 |    54 ||    81
Block: Shield            |    26 |    14 |    62 ||   102

Table legend:
 A = Turns spent in this place as a percentage of turns spent in the entire game.
 B = Non-inter-level travel turns spent in this place as a percentage of non-inter-level travel turns spent in the entire game.
 C = Inter-level travel turns spent in this place as a percentage of turns spent in this place.
 D = Turns resting spent in this place as a percentage of non-inter-level travel turns spent in this place.
 E = Turns spent auto-exploring this place as a percentage of non-inter-level travel turns spent in this place.
 F = Non-inter-level travel turns spent in this place divided by the number of levels of this place that you've seen.
                   A       B       C       D       E      F
               +-------+-------+-------+-------+-------+----------------------
         Total | 100.0 | 100.0 |   0.0 |   0.0 |   0.0 | 138.5
       Dungeon | 100.0 | 100.0 |   0.0 |   0.0 |   0.0 | 138.5
               +-------+-------+-------+-------+-------+----------------------

Table legend:
 A = Kills in this place as a percentage of kills in entire the game.
 B = Kills by you in this place as a percentage of kills by you in the entire game.
 C = Kills by friends in this place as a percentage of kills by friends in the entire game.
 D = Other kills in this place as a percentage of other kills in the entire game.
 E = Experience gained in this place as a percentage of experience gained in the entire game.
 F = Experience gained in this place divided by the number of levels of this place that you have seen.
                   A       B       C       D       E      F
               +-------+-------+-------+-------+-------+----------------------
         Total | 100.0 | 100.0 |  -nan |  -nan | 100.0 | 362.9
       Dungeon | 100.0 | 100.0 |  -nan |  -nan | 100.0 | 362.9
               +-------+-------+-------+-------+-------+----------------------
